Unix NetHack Version 5.0.0-0 post-release - last build May 10 2026 23:12:36 (d1fa5d53e341ca933230fdaa984d921c805b60aa,branch:main).

Game began 2026-05-11 02:35:12, ended 2026-05-11 04:28:39.

Gregony, neutral male human Barbarian

 -----------------       -----------------------
 |.|.............|       |..%..|.|........)......
 |.|.---------%|.|     --|.|.|.|.|.---.-----...---
 |.......|.....|.|     |.|.|.|.|...|...(.|.......|
 |*------|.|.-------   |.|.|.|.-----.---.|.-----.---..
 |.|     |.|.|.....|   |*..|%|.[..[..|.....|   |...|...
 |.|     |.|.|.---.| -------.|----------.-.|   ---.|....
 |.|     |.|.|.|...| |.......|..%......|...|  ...)%.....
 |.------|.---.|.-----.-----.|.........|---|   -.h.....-
 |...+...|.....|...........|.-....<....-...|   |.e@....
 |------.-----------------.--|.........|--.|   ---.-..
 |.......+.............| |*..|....[....|...|   ...%...
 |.---------.-------...|----.----------|.---   -.---..
 |.%.| |.|..*| |.......|..*......|.....|...|
 ---.---.|.--- |.---...|.-.-------.---.|%|.-
   |.......|   |.|....*..+.|.........|...|..
   ---------   |.|.|.---.{..*--------|.-----
               |..*|............
               -----------------
Gregony the Bandit         St:18/01 Dx:15 Co:18 In:7 Wi:8 Ch:7  Neutral
Dlvl:11 $:38 HP:0(91) Pw:25(25) AC:-3 Xp:9 T:6650 

Latest messages:
 You destroy the ettin mummy!
 The air crackles around the gnomish wizard.
 You miss the gnomish wizard.
 The gnomish wizard points at you, then curses.
 You smite the gnomish wizard!
 The gnomish wizard points all around, then curses.
 You miss the gnomish wizard.
 The gnomish wizard points at you, then curses.
 You kill the gnomish wizard!
 G - a dark green potion.
 You smite the floating eye!
 You are frozen by the floating eye's gaze!
 The dwarf lord thrusts his dwarvish short sword.
 The dwarf lord hits!
 The dwarf lord thrusts his dwarvish short sword.
 The dwarf lord hits again!
 The dwarf lord thrusts his dwarvish short sword.
 The dwarf lord hits!
 The dwarf lord thrusts his dwarvish short sword.
 The dwarf lord hits again!
 The dwarf lord thrusts his dwarvish short sword.
 The dwarf lord just misses!
 The dwarf lord thrusts his dwarvish short sword.
 The dwarf lord misses!
 The dwarf lord thrusts his dwarvish short sword.
 The dwarf lord hits!
 The dwarf lord thrusts his dwarvish short sword.
 The dwarf lord hits again!
 The dwarf lord thrusts his dwarvish short sword.
 The dwarf lord hits!
 The dwarf lord thrusts his dwarvish short sword.
 The dwarf lord misses!
 The dwarf lord thrusts his dwarvish short sword.
 The dwarf lord hits!
 The dwarf lord thrusts his dwarvish short sword.
 The dwarf lord hits again!
 The dwarf lord thrusts his dwarvish short sword.
 The dwarf lord hits!
 The dwarf lord thrusts his dwarvish short sword.
 The dwarf lord hits again!
 The dwarf lord thrusts his dwarvish short sword.
 The dwarf lord hits!
 The dwarf lord thrusts his dwarvish short sword.
 The dwarf lord hits again!
 You die...
 Do you want your possessions identified? [ynq] (y)
 Do you want to see your attributes? [ynq] (y)
 Do you want an account of creatures vanquished? [ynaq] (y)
 Do you want to see your conduct and achievements? [ynq] (y)
 Do you want to see the dungeon overview? [ynq] (y)

Inventory:
 Coins    ('$')
  $ - 38 gold pieces
 Weapons  (')')
  q - a +0 aklys (alternate weapon; not wielded)
  a - a +0 battle-axe (weapon in hands)
 Armor    ('[')
  i - a blessed +4 orcish helm (being worn)
  J - an uncursed +0 pair of kicking boots (being worn)
  g - an uncursed +0 elven cloak (being worn)
  h - an uncursed +0 dwarvish mithril-coat (being worn)
 Comestibles  ('%')
  c - an uncursed slime mold
  d - 3 uncursed food rations
  W - an uncursed egg
 Scrolls  ('?')
  A - an uncursed scroll of blank paper
  t - an uncursed scroll of create monster
  m - a blessed scroll of fire
  M - an uncursed scroll of fire
  Z - a blessed scroll of gold detection
  x - an uncursed scroll of identify
  L - a blessed scroll of light
  v - an uncursed scroll of light
  l - a cursed scroll of light
  F - an uncursed scroll of magic mapping
  C - 2 uncursed scrolls of teleportation
  y - a cursed scroll of teleportation
 Potions  ('!')
  p - an uncursed potion of acid
  G - a cursed potion of blindness
  f - an uncursed potion of healing
  r - a cursed potion of healing
  n - an uncursed potion of sickness
  D - an uncursed potion of water
 Rings    ('=')
  z - an uncursed ring of warning
 Wands    ('/')
  j - a wand of digging (0:5)
  u - a wand of fire (0:6)
  Q - a blessed wand of magic missile (0:3)
  N - a wand of speed monster (0:2)
  K - a wand of striking (0:3)
 Tools    ('(')
  B - an uncursed blindfold
  b - an uncursed brass lantern (lit)
  k - an uncursed magic whistle
  w - a +0 pick-axe
  E - an uncursed skeleton key
 Gems/Stones  ('*')
  o - an uncursed worthless piece of yellowish brown glass

Gregony the Barbarian's attributes:

Background:
 You were a Bandit, a level 9 male human Barbarian.
 You were neutral, on a mission for Crom
 who was opposed by Mitra (lawful) and Set (chaotic).
 You were left-handed.
 You were in the Gnomish Mines, on level 11.
 You entered the dungeon 6650 turns ago.
 It was nighttime.
 You had 3115 experience points, 2005 more were needed to attain level 10.

Basics:
 You had 0 out of 91 hit points.
 You had all 25 energy points (spell power).
 Your armor class was -3.
 Your wallet contained 38 zorkmids.
 Autopickup was off.

Final Characteristics:
 Your strength was 18/01 (limit:18/100).
 Your dexterity was 15 (peak:17, limit:18).
 Your constitution was 18 (limit:18).
 Your intelligence was 7 (limit:18).
 Your wisdom was 8 (limit:18).
 Your charisma was 7 (limit:18).

Final Status:
 You weren't hungry.
 You were unencumbered.
 You were wielding an axe.
 You had expert skill with axe.

Final Attributes:
 You were piously aligned.
 You were cold resistant.
 You were poison resistant.
 You were telepathic.
 You were stealthy.
 You were guarded.
 You are dead.

Miscellaneous:
 You didn't encounter any bones levels.
 Total elapsed playing time was 1 hour, 48 minutes and 40 seconds.

Major events:
 Turn
    1: Gregony the neutral male human Barbarian entered the dungeon
 1203: attained the rank of Pillager (level 3)
 1325: entered the Gnomish Mines
 1981: attained the rank of Bandit (level 6)
 2324: reached Mine Town
 6650: killed by a dwarf lord, while frozen by a floating eye's gaze

You didn't know any spells.

Skills:
 Fighting Skills
   bare handed combat [Basic]
   two weapon combat  [Unskilled]
   riding             [Unskilled]
 Weapon Skills
   dagger             [Unskilled]
   axe                [Expert]
   pick-axe           [Unskilled]
   short sword        [Basic]
   broadsword         [Unskilled]
   long sword         [Unskilled]
   two-handed sword   [Unskilled]
   saber              [Unskilled]
   club               [Unskilled]
   mace               [Unskilled]
   morning star       [Unskilled]
   flail              [Unskilled]
   hammer             [Unskilled]
   quarterstaff       [Unskilled]
   spear              [Unskilled]
   trident            [Unskilled]
   bow                [Unskilled]
 Spellcasting Skills
   attack spells      [Unskilled]
   escape spells      [Unskilled]

Voluntary challenges:
 Character rerolling was not enabled.
 You never genocided any monsters.
 You never polymorphed an object.
 You never changed form.
 You used no wishes.
Achievements:
 You entered a shop.
 You attained the rank of Pillager.
 You entered the Gnomish Mines.
 You attained the rank of Bandit.
 You entered Minetown.
 You entered a temple.

 The Dungeons of Doom: levels 1 to 3
    Level 1:
    Level 2:
       A general store.
    Level 3:
       A bookstore, many fountains.
       Stairs down to The Gnomish Mines.
 The Gnomish Mines: levels 4 to 11
    Level 4:
    Level 5:
    Level 6:
       Many shops, a temple and an altar, some fountains, some trees.
    Level 7:
    Level 8:
    Level 9:
    Level 10:
    Level 11: <- You were here.
       A fountain.
       Final resting place for
          you, killed by a dwarf lord, while frozen by a floating eye's gaze.


Vanquished creatures:
  2 vampires
  a stalker
  a small mimic
 an ettin mummy
 an elf mummy
  a chameleon
  2 leprechauns
 an orc-captain
  3 giant spiders
  2 gnome rulers
  a dwarf mummy
  8 Green-elves
  a lizard
  a dog
  a housecat
  a jaguar
  3 gnome mummies
  a snake
  2 apes
  2 human zombies
  a rope golem
  2 Woodland-elves
  a mountain nymph
  9 Mordor orcs
 an orc shaman
  2 rock piercers
  a yellow light
 13 gnome leaders
  3 gnomish wizards
  a kobold mummy
  a gray ooze
 an elf zombie
  a straw golem
  4 giant ants
  3 little dogs
  2 floating eyes
 19 dwarves
  a kobold leader
  9 hill orcs
  2 rothes
  a monkey
  5 orc zombies
  a dwarf zombie
  a werejackal
  3 iguanas
  2 acid blobs
  a coyote
  2 gas spores
  4 hobbits
  3 manes
  a hobgoblin
  7 giant rats
  9 cave spiders
  a brown mold
  a green mold
  a red mold
 55 gnomes
  2 gnome zombies
  2 geckos
  8 jackals
  3 foxes
  a kobold
  4 goblins
  2 grid bugs
  4 bats
  3 lichens
  5 newts
245 creatures vanquished.

No species were genocided or became extinct.

Game over:
                       ----------
                      /          \
                     /    REST    \
                    /      IN      \
                   /     PEACE      \
                  /                  \
                  |     Gregony      |
                  |      38 Au       |
                  |   killed by a    |
                  |    dwarf lord    |
                  |                  |
                  |                  |
                  |       2026       |
                 *|     *  *  *      | *
        _________)/\\_//(\/(/\)/\//\/|_)_______

Goodbye Gregony the Barbarian...

You died in The Gnomish Mines on dungeon level 11 with 14283 points,
and 38 pieces of gold, after 6650 moves.
You were level 9 with a maximum of 91 hit points when you died.

